 Dungeon Crawl Stone Soup version 0.23.1-41-g7e51ed3 (webtiles) character file.

Game seed: 12246988997707454224

2149 Borgoz the Cutter (level 9, -9/54 HPs)
             Began as a Gargoyle Gladiator on Mar 30, 2019.
             Was a Follower of Ashenzari.
             Killed by divine providence
             ... invoked by an orc priest
              (15 damage)
             ... on level 7 of the Dungeon.
             The game lasted 00:09:10 (6386 turns).

Borgoz the Cutter (Gargoyle Gladiator)              Turns: 6386, Time: 00:09:10

Health: -9/54      AC: 17    Str: 17    XL:     9   Next: 31%
Magic:  10/10      EV: 14    Int:  7    God:    Ashenzari [*.....]
Gold:   344        SH:  0    Dex: 16    Spells: 8/8 levels left

rFire    x . .     SeeInvis +   a - +0 rapier
rCold    + . .     Gourm    +   (no shield)
rNeg     + + +     Faith    .   i - +1 ring mail {MR+}
rPois    ∞         Spirit   .   c - +0 helmet
rElec    +         Reflect  .   t - +0 cloak
rCorr    .         Harm     .   (no gloves)
MR       +....                  x - +0 pair of boots
Stlth    ++........             k - amulet of the gourmand
HPRegen  0.18/turn              p - +2 ring of dexterity
MPRegen  0.12/turn              w - ring "Xoneik" {Ice +Blink rN++ Int-3 SInv}

@: no status effects
A: negative energy resistance 1, electricity resistance, unbreathing,
petrification resistance, rot immunity, AC +6
a: Curse Item, Scrying, Renounce Religion, Evoke Blink


You were on level 7 of the Dungeon.
You worshipped Ashenzari.
Ashenzari was aware of your devotion.
You were not hungry.

You visited 2 branches of the dungeon, and saw 8 of its levels.

You collected 344 gold pieces.

Inventory:

Hand Weapons
 a - a +0 rapier (weapon)
Missiles
 n - 7 javelins (quivered)
 q - 3 javelins of returning
 s - 10 tomahawks
 u - 5 tomahawks of returning
Armour
 c - a +0 helmet (worn)
 i - a +1 ring mail of magic resistance (worn)
 t - a +0 cloak (worn)
 x - a +0 pair of boots (worn)
Jewellery
 k - an amulet of the gourmand (around neck)
 p - a +2 ring of dexterity (left hand)
 v - an uncursed ring of magical power
 w - the ring "Xoneik" (right hand) {Ice +Blink rN++ Int-3 SInv}
   (You found it on level 5 of the Dungeon)

   [ring of ice]

   It enhances your ice magic.
   It affects your intelligence (-3).
   It makes you vulnerable to fire.
   It protects you from cold.
   It greatly protects you from negative energy.
   It lets you see invisible.
   It lets you blink.
Wands
 d - a wand of acid (4)
 y - a wand of flame (17)
Scrolls
 b - 3 scrolls of identify
 e - 2 scrolls of fog
 g - 3 scrolls of amnesia
 h - 2 scrolls of teleportation {unknown}
 j - a scroll of noise {unknown}
 l - 3 scrolls of remove curse
 m - a scroll of magic mapping {unknown}
Potions
 o - a potion of magic
 r - a potion of curing
Comestibles
 f - 12 rations


   Skills:
 + Level 5.1 Fighting
 * Level 6.3 Short Blades
 - Level 1.7 Throwing
 + Level 4.7 Armour
 * Level 5.8 Dodging
 + Level 5.0 Stealth
 + Level 2.0 Evocations


You had 8 spell levels left.
You didn't know any spells.
Your spell library contained the following spells:

 Spells                   Type           Power        Failure   Level  Hunger
 Corona                   Hex            #......      63%         1    ##.....
 Sting                    Conj/Pois      #...         63%         1    ##.....
 Poisonous Vapours        Pois/Air       #.....       77%         2    ###....
 Slow                     Hex            #.......     77%         2    ###....
 Inner Flame              Hex/Fire       #.......     94%         3    ####...
 Mephitic Cloud           Conj/Pois/Air  #.......     94%         3    ####...
 Portal Projectile        Hex/Tloc       #.....       94%         3    ####...
 Cause Fear               Hex            #.........   100%        4    #####..
 Leda's Liquefaction      Hex/Erth       #.........   100%        4    #####..
 Olgreb's Toxic Radiance  Pois           #.......     100%        4    #####..
 Venom Bolt               Conj/Pois      #.........   100%        5    ######.


Dungeon Overview and Level Annotations

Branches:
Dungeon (7/15)             Temple (1/1) D:5

Altars:
Ashenzari
Cheibriados
Elyvilon
Fedhas
Gozag
Hepliaklqana
Okawaru
Qazlal
Ru
Trog
Vehumet
Yredelemnul


Innate Abilities, Weirdness & Mutations

You are resistant to torment.
Your stone body is resilient. (AC +6)
You are immune to poison.
You resist negative energy. (rN+)
You are resistant to electric shocks. (rElec)
You can survive without breathing.
You are immune to petrification.
You are immune to rotting.


Message History

The orc priest is severely wounded.
The shadow imp hits you but does no damage.
The orc priest closely misses you.
The orc priest struggles against the net.
You hit the orc priest.
The orc priest is almost dead.
The shadow imp hits you but does no damage.
The orc priest barely misses you.
The orc priest invokes the aid of Beogh against you.
Beogh smites you!
* * * LOW HITPOINT WARNING * * *
The orc priest struggles against the net.
The net rips apart, and the orc priest comes free!
You hear a bark!
The orc priest mumbles some strange prayers to Beogh against you.
Beogh smites you!
* * * LOW HITPOINT WARNING * * *
The orc priest invokes the aid of Beogh against you.
Beogh smites you!
You die...

# ###. #+#
...[###.#
####...o###
#o.o.o.5@<#
#o##....###
#....#
#....#
####.# #.#
#.# #.#


You could see 3 orc priests, a shadow imp and 2 orcs.

Vanquished Creatures
  Pikel (D:5)
  A hungry ghost (D:5)
  An ice beast (D:5)
  2 ogres (D:5)
  3 phantoms
  A big kobold (D:6)
  2 scorpions (D:6)
  2 howler monkeys
  A crimson imp (D:5)
  2 centaur skeletons (D:5)
  2 bullfrog skeletons
  2 jellies (D:5)
  2 orc priests
  A hound (D:5)
  A gnoll shaman (D:6)
  2 orc wizards (D:4)
  Natasha (thrice) (D:2)
  5 worker ants
  A howler monkey zombie (D:5)
  7 gnolls
  2 adders
  2 shadow imps
  2 adder skeletons (D:5)
  3 worms
  A dart slug (D:3)
  7 leopard geckos
  22 orcs
  8 bats
  4 giant cockroaches
  4 hobgoblins
  8 jackals
  6 kobolds
  2 quokkas (D:2)
  2 ball pythons
  6 frilled lizards
  6 goblins
  4 rats
  A bush (D:6)
132 creatures vanquished.

Vanquished Creatures (others)
  A plant (D:6)
1 creature vanquished.

Grand Total: 133 creatures vanquished

Notes
Turn   | Place    | Note
-------+----------+-------------------------------------------
     0 | D:1      | Borgoz the Gargoyle Gladiator began the quest for the Orb.
     0 | D:1      | Reached XP level 1. HP: 12/12 MP: 1/1
    96 | D:1      | Reached XP level 2. HP: 17/17 MP: 2/2
   334 | D:1      | Reached skill level 3 in Short Blades
   630 | D:2      | Reached XP level 3. HP: 22/22 MP: 3/3
   813 | D:2      | Noticed Natasha
   824 | D:2      | Killed Natasha
   824 | D:2      | Reached skill level 1 in Armour
   824 | D:2      | Reached skill level 1 in Stealth
   873 | D:2      | Reached XP level 4. HP: 23/27 MP: 4/4
  1233 | D:2      | Found a snail-covered altar of Cheibriados.
  1233 | D:2      | Found an iron altar of Okawaru.
  1449 | D:2      | Noticed Natasha
  1459 | D:2      | Killed Natasha
  1459 | D:2      | Reached XP level 5. HP: 29/32 MP: 5/5
  2609 | D:2      | Noticed Natasha
  2628 | D:2      | Killed Natasha
  2692 | D:4      | Reached XP level 6. HP: 37/37 MP: 6/6
  2773 | D:4      | Noticed a phantom
  2819 | D:4      | Killed a phantom
  2819 | D:4      | Reached skill level 4 in Short Blades
  2869 | D:4      | Noticed a phantom
  2923 | D:4      | Killed a phantom
  2970 | D:4      | Reached XP level 7. HP: 36/41 MP: 7/7
  3542 | D:5      | Entered Level 5 of the Dungeon
  3579 | D:5      | Noticed Pikel
  3620 | D:5      | Killed Pikel
  3620 | D:5      | Reached skill level 5 in Short Blades
  3620 | D:5      | Reached XP level 8. HP: 25/48 MP: 8/8
  3863 | D:5      | Got a steaming bone ring
  3865 | D:5      | Identified the ring "Xoneik" {Ice +Blink rN++ Int-3 SInv}
                  | (You found it on level 5 of the Dungeon)
  4062 | D:5      | Reached skill level 5 in Dodging
  4089 | D:5      | Found a staircase to the Ecumenical Temple.
  4290 | Temple   | Entered the Ecumenical Temple
  4318 | Temple   | Became a worshipper of Ashenzari the Shackled
  4734 | D:5      | Reached skill level 1 in Evocations
  5030 | D:5      | Reached XP level 9. HP: 53/53 MP: 10/10
  5159 | D:6      | Reached skill level 6 in Short Blades
  5303 | D:6      | Reached skill level 5 in Fighting
  5735 | D:6      | Reached * piety under Ashenzari
  5867 | D:6      | Reached skill level 5 in Stealth
  6386 | D:7      | Killed from afar by an orc priest

Skill      XL: |  1  2  3  4  5  6  7  8  9 |
---------------+----------------------------+-----
Short Blades   | 3 4 5 6 |  6.3
Armour         | 1 2 3 4 |  4.7
Stealth        | 1 2 3 4 5 |  5.0
Dodging        | 3 4 5 |  5.8
Fighting       | 3 4 5 |  5.1
Evocations     | 1 2 |  2.0
Throwing       | |  1.7

Action                   |  1- 3 |  4- 6 |  7- 9 || total
-------------------------+-------+-------+-------++-------
Melee: Rapier            |    84 |   231 |   604 ||   919
Throw: Throwing net      |       |     2 |     2 ||     4
       Javelin           |       |       |     1 ||     1
  Use: Potion            |       |     3 |     4 ||     7
       Scroll            |       |       |     4 ||     4
 Stab: Held in net/web   |       |     1 |     1 ||     2
       Sleeping          |       |       |     5 ||     5
  Eat: Chunk             |     4 |    15 |    15 ||    34
Armor: Leather armour    |    13 |       |       ||    13
       Ring mail         |    22 |   104 |   210 ||   336
Dodge: Dodged            |    55 |   141 |   377 ||   573
